 Dungeon Crawl Stone Soup version 0.30.0-29-ga12c61a403 (webtiles) character file.

Game seed: 5717708541634029906

716 Irreverend the Ruffian (level 7, -5/52 HPs)
             Began as a Purple Draconian Transmuter on June 4, 2023.
             Splashed by a jelly's acid (6 damage)
             ... on level 5 of the Dungeon.
             The game lasted 00:09:50 (4594 turns).

Irreverend the Ruffian (DrTm)                       Turns: 4594, Time: 00:09:51

Health: -5/52      AC: -10   Str: 13    XL:     7   Next: 41%
Magic:  10/14      EV: 19    Int: 15    God:
Gold:   250        SH:  0    Dex: 16    Spells: 10/16 levels left

rFire   . .          .
                       - Unarmed
rCold   . . .        b - melded +0 buckler
rNeg    . . .        (body armour unavailable)
rPois   x            (helmet currently unavailable)
rElec   .            (cloak currently unavailable)
rCorr   .            (gloves currently unavailable)
SInv    .            (boots currently unavailable)
Will    +....        u - amulet of the acrobat
Stlth   +            c - ring of wizardry
HPRegen 0.28/turn    x - ring of wizardry
MPRegen 0.14/turn

%: acrobat, wizardry (x2)
@: spider-form, corroded
A: venomous fangs, (breathe power), AC +6, tiny, unfitting armour,
(cold-blooded)
a: End Transformation


You were on level 5 of the Dungeon.
You were a venomous arachnid creature.
You visited 2 branches of the dungeon, and saw 6 of its levels.

You collected 250 gold pieces.

Inventory:

Armour
 b - a +0 buckler (melded)
Jewellery
 c - a ring of wizardry (left front pincers)
 u - an amulet of the acrobat (around neck)
 x - a ring of wizardry (right front pincers)
Scrolls
 h - a scroll of magic mapping {unknown}
 i - 2 scrolls of enchant weapon {unknown}
 j - 2 scrolls of teleportation {unknown}
 k - 3 scrolls of identify {unknown}
 l - a scroll of brand weapon {unknown}
 n - a scroll of fog {unknown}
 p - 2 scrolls of blinking {unknown}
 q - a scroll of noise {unknown}
 v - 2 scrolls of amnesia {unknown}
 y - 2 scrolls of enchant armour {unknown}
 z - a scroll of vulnerability {unknown}
Potions
 a - 2 potions of lignification
 d - a potion of attraction {unknown}
 e - a potion of berserk rage
 f - a potion of mutation {unknown}
 g - 2 potions of curing
 m - a potion of invisibility {unknown}
 o - 2 potions of magic {unknown}
 r - a potion of haste {unknown}
 s - a potion of flight {unknown}
 t - a potion of cancellation {unknown}
 w - a potion of degeneration {unknown}


   Skills:
 - Level 1.1 Fighting
 - Level 1.7 Dodging
 * Level 6.5 Unarmed Combat
 + Level 5.0 Spellcasting
 + Level 4.5 Transmutations


You had 10 spell levels left.
You knew the following spells:

 Your Spells              Type           Power      Damage    Failure   Level
a - Beastly Appendage     Tmut           34%        N/A       2%          1
b - Wereblood             Tmut           17%        N/A       3%          2
c - Spider Form           Tmut/Pois      10%        N/A       11%         3

Your spell library contained the following spells:

 Spells                   Type           Power      Damage    Failure   Level
 Ice Form                 Ice/Tmut       10%        N/A       28%         4
 Malign Gateway           Summ/Tloc      1%         N/A       100%        7
 Summon Horrible Things   Summ           1%         N/A       100%        8


Dungeon Overview and Level Annotations

Branches:
Dungeon (5/15)             Temple (1/1) D:4

Altars:
Ashenzari
Cheibriados
Dithmenos
Elyvilon
Gozag
Hepliaklqana
Kikubaaqudgha
Makhleb
Nemelex Xobeh
Okawaru
Qazlal
Ru
Uskayaw
Vehumet
Wu Jian
Yredelemnul
Zin

Shops:
D:1 (:?*

Annotations:
D:4 2 transporters, Drain's ghost, amateur HOBe


Innate Abilities, Weirdness & Mutations

You are a venomous arachnid creature.
You have venomous fangs.
You are tiny and dextrous.
Your spellcasting is less reliable in this form.
Your armour is entirely melded.
You are incapable of wielding weapons or throwing items.
((You can breathe bolts of dispelling energy.))
((Your rich purple scales are hard. (AC +6)))
You cannot fit into any form of body armour.
((You are cold-blooded and may be slowed by cold attacks.))


Message History

The orc closely misses you.
You barely miss the orc.
The orc is almost dead.
The orc misses you.
You hit the orc.
You kill the orc!
You bite the jelly!
Your front pincers burn!
The jelly is heavily wounded.
The jelly hits you. The acid corrodes you!
You are splashed with acid.
You hit the jelly but do no damage.
Your front pincers burn!
The jelly is moderately wounded.
The jelly completely misses you.
You hit the jelly but do no damage.
Your front pincers burn!
The jelly is moderately wounded.
The jelly misses you.
Your magical contamination has completely faded away.
You hit the jelly but do no damage.
Your front pincers burn!
The jelly is moderately wounded.
You hit the jelly.
Your front pincers burn!
The jelly is heavily wounded.
The jelly misses you.
You bite the jelly! The acid corrodes you!
Your front pincers burn!
The jelly is almost dead.
The jelly completely misses you.
You hit the jelly but do no damage.
Your front pincers burn!
The jelly is almost dead.
The jelly hits you. The acid corrodes you!
You are splashed with acid!
* * * LOW HITPOINT WARNING * * *
You hit the jelly but do no damage.
Your front pincers burn!
* * * LOW HITPOINT WARNING * * *
The jelly is almost dead.
The jelly barely misses you.
You hit the jelly but do no damage.
Your front pincers burn!
* * * LOW HITPOINT WARNING * * *
The jelly is almost dead.
The jelly closely misses you. The jelly attacks as you move away!
The jelly hits you.
* * * LOW HITPOINT WARNING * * *
You are splashed with acid.
You die...

######## ### ### ###
#....##.###.###.###.##
...#...............##
....##.###.###.##..# .
#.#...........#.##
#.).##.###.##...##
lo..#s#.#.......#.#.#.
.'....J.#...##.##...#...
.#....#.#.#)#...#.#.#.#.
......#...#...⌠...#...#.
.....##.#.#.#...#.#.#.#.
........#...##.##...#...
......#.#.#.......#.#.#.
....#.#...##.###.##...#.
##.#...........#.#.


You could see a jelly.

Vanquished Creatures
  An ice beast (D:5)
  An ogre (D:4)
  A phantom (D:4)
  A bullfrog (D:5)
  A howler monkey (D:5)
  An orc priest (D:5)
  2 hounds
  2 orc wizards
  An iguana (D:5)
  3 gnolls (D:5)
  5 adders
  2 worms
  3 dart slugs
  13 orcs
  14 endoplasms
  3 giant cockroaches
  5 hobgoblins
  9 jackals
  3 quokkas
  8 ball pythons
  4 bats
  5 frilled lizards
  6 goblins
  8 kobolds
  7 rats
109 creatures vanquished.

Notes
Turn   | Place    | Note
-------+----------+-------------------------------------------
     0 | D:1      | Irreverend the Draconian Transmuter began the quest for the
                  | Orb.
     0 | D:1      | Reached XP level 1. HP: 16/16 MP: 3/3
    22 | D:1      | You fall into a shaft and drop 1 floor!
   150 | D:1      | Found Doimybi's Weapon Shop.
   156 | D:1      | Found Heuhiuwo's Book Shop.
   168 | D:1      | Found Kamepres's Magic Scroll Shoppe.
   183 | D:1      | Reached XP level 2. HP: 23/23 MP: 3/5
   414 | D:1      | Found Xegim's General Store.
   482 | D:1      | Reached XP level 3. HP: 28/28 MP: 4/6
  1170 | D:2      | Reached skill level 4 in Unarmed Combat
  1171 | D:2      | Reached XP level 4. HP: 4/35 MP: 5/7
  1298 | D:2      | Learned a level 2 spell: Wereblood
  1302 | D:2      | Learned a level 3 spell: Spider Form
  1903 | D:3      | Found a faded altar of an unknown god.
  2266 | D:3      | Reached XP level 5. HP: 33/40 MP: 9/9
  2763 | D:4      | Found a transporter.
  2828 | D:4      | Found a staircase to the Ecumenical Temple.
  2867 | Temple   | Entered the Ecumenical Temple
  3010 | D:4      | Found a transporter.
  3012 | D:4      | Noticed Drain's ghost (amateur HOBe)
  3012 | D:4      | Noticed an ogre
  3022 | D:4      | Reached skill level 5 in Unarmed Combat
  3033 | D:4      | Noticed an ogre
  3102 | D:4      | Noticed a phantom
  3117 | D:4      | Killed a phantom
  3118 | D:4      | Reached XP level 6. HP: 46/47 MP: 7/11
  3896 | D:5      | Entered Level 5 of the Dungeon
  3907 | D:5      | Found a shadowy altar of Dithmenos.
  3958 | D:5      | Noticed an ice beast
  3971 | D:5      | Killed an ice beast
  3972 | D:5      | Reached skill level 6 in Unarmed Combat
  4028 | D:5      | Your scales start taking on a rich purple colour.
  4028 | D:5      | Reached XP level 7. HP: 49/52 MP: 10/14
  4353 | D:5      | Reached skill level 5 in Spellcasting
  4593 | D:5      | HP: 2/52 [acid (4)]
  4594 | D:5      | Splashed by a jelly's acid

Illustrated notes

Levels and vault maps discovered:
D:1:      saegor_arrival_miasma, layout_rooms, serial_shops, shop,
          nicolae_shop_tiny_glass, nicolae_shop_hallway_stairs, shop
D:2:      layout_loops_ring
D:3:      layout_loops_corners, shapermc_ecumenical_altar_mp_vishouse
D:4:      layout_basic, minmay_temple_entry_statues, gammafunk_ghost_smash
D:5:      layout_basic, nicolae_dithmenos_through_a_glass_darkly,
          nicolae_concentric_dashed_squares_wild
Temple:   lightli_temple_of_artemis

Skill      XL: |  1  2  3  4  5  6  7 |
---------------+----------------------+-----
Unarmed Combat | 4 5 6 |  6.5
Transmutations | 3 4 |  4.5
Spellcasting   | 3 4 5 |  5.0
Fighting       | |  1.1
Dodging        | |  1.7

Action                     |  1- 3 |  4- 6 |  7- 9 || total
---------------------------+-------+-------+-------++-------
  Melee: Unarmed           |   118 |   179 |    53 ||   350
         Kick              |    23 |    37 |       ||    60
         Headbutt          |    11 |    15 |       ||    26
         Tailslap          |     6 |    11 |       ||    17
         Punch             |     1 |       |       ||     1
   Cast: Beastly Appendage |    26 |    36 |       ||    62
         Wereblood         |       |     2 |       ||     2
         Spider Form       |       |     2 |     8 ||    10
    Use: Potion            |     1 |     1 |       ||     2
   Stab: Sleeping          |     1 |     1 |       ||     2
 Armour: Skin              |    34 |    56 |       ||    90
  Dodge: Dodged            |    71 |    92 |    39 ||   202
  Block: Buckler           |    16 |    22 |       ||    38
